 Dungeon Crawl Stone Soup version 0.23-a0-451-g1044d4c (webtiles) character file.

84 theanonym the Cudgeler (level 4, -1/34 HPs)
             Began as a Mummy Warper on Nov 23, 2018.
             Slain by an orc
             ... wielding a +0 morningstar
              (6 damage)
             ... on level 4 of the Dungeon.
             The game lasted 00:03:20 (4003 turns).

theanonym the Cudgeler (Mummy Warper)               Turns: 4003, Time: 00:03:20

Health: -1/34      AC:  6    Str: 15    XL:     4   Next: 23%
Magic:  8/8        EV:  9    Int: 12    God:
Gold:   122        SH:  3    Dex: 11    Spells: 8/8 levels left

rFire    x . .     SeeInvis .   a - +0 morningstar
rCold    + + .     Gourm    .   i - +0 buckler
rNeg     + + +     Faith    .   b - +0 scale mail
rPois    ∞         Spirit   .   (no helmet)
rElec    .         Reflect  .   (no cloak)
rCorr    +         Harm     .   (no gloves)
MR       .....                  (no boots)
Stlth    ..........             (no amulet)
HPRegen  0.11/turn              h - ring of protection from cold
MPRegen  0.11/turn              f - ring of resist corrosion

@: no status effects
A: no food or potions, fire vulnerability, cold resistance 1, negative energy
resistance 3, torment resistance, unbreathing
a: no special abilities


Innate Abilities, Weirdness & Mutations

You do not eat or drink.
Your flesh is vulnerable to fire.
You are immune to poison.
Your flesh is cold resistant. (rC+)
You are immune to negative energy. (rN+++)
You are immune to unholy pain and torment.
You can survive without breathing.


   Skills:
 + Level 2.9 Fighting
 * Level 3.0 Maces & Flails
 - Level 0.7 Throwing
 - Level 0.7 Armour
 - Level 1.5 Dodging
 + Level 1.0 Shields
 - Level 2.6 Spellcasting
   Level 2.4 Translocations


You had 8 spell levels left.
You didn't know any spells.
Your spell library contained the following spells:

 Spells                   Type           Power        Failure   Level  Hunger
 Blink                    Tloc           N/A          63%         2    N/A
 Shroud of Golubria       Chrm/Tloc      #.........   80%         2    N/A
 Gell's Gravitas          Tloc           #.........   86%         3    N/A
 Lesser Beckoning         Tloc           #.........   86%         3    N/A
 Teleport Other           Tloc           #.......     86%         3    N/A
 Passage of Golubria      Tloc           N/A          99%         4    N/A

Skill      XL: |  1  2  3  4 |
---------------+-------------+-----
Maces & Flails | 2 3 |  3.0
Shields        | 1 |  1.0
Fighting       | |  2.9
Throwing       | |  0.7
Armour         | |  0.7
Dodging        | |  1.5
Spellcasting   | |  2.6
Translocations | |  2.4

Action                   |  1- 3 |  4- 6 || total
-------------------------+-------+-------++-------
Melee: Mace              |   121 |       ||   121
       Flail             |     3 |     1 ||     4
       Morningstar       |       |    15 ||    15
Throw: Tomahawk          |     3 |       ||     3
  Use: Scroll            |     1 |       ||     1
Armor: Ring mail         |    43 |       ||    43
       Scale mail        |       |     6 ||     6
Dodge: Dodged            |    69 |    10 ||    79
Block: Buckler           |    11 |     3 ||    14

Inventory:

Hand Weapons
 a - a +0 morningstar (weapon)
   (You took it off an orc on level 3 of the Dungeon)
Missiles
 c - 8 tomahawks
 e - 2 tomahawks of dispersal (quivered)
Armour
 b - a +0 scale mail (worn)
   (You took it off an orc on level 3 of the Dungeon)
 d - a +0 ring mail
   (You found it on level 1 of the Dungeon)
 i - a +0 buckler (worn)
   (You found it on level 2 of the Dungeon)
Jewellery
 f - a ring of resist corrosion (right hand)
   (You found it on level 1 of the Dungeon)
 h - a ring of protection from cold (left hand)
   (You found it on level 1 of the Dungeon)
Scrolls
 g - a scroll of fear {unknown}
 j - a scroll of enchant weapon {unknown}
 k - a scroll of teleportation {unknown}
 l - 2 scrolls of identify {unknown}


You were on level 4 of the Dungeon.
You were not hungry.

You visited 1 branch of the dungeon, and saw 4 of its levels.

You collected 122 gold pieces.

Dungeon Overview and Level Annotations

Branches:
Dungeon (4/15)
 Temple: D:4-7

Altars:

#.#.#.#.###.####.
#.......#
#...o...#
###.###.#
#..o..#.# .
#.....#o# ..#
#.....#o####....#
#o....#.Z..Z....#
#@....###.##..#.#
####### #.# # #.#
#.. ###


You could see 3 orcs.

Notes
Turn   | Place    | Note
-------+----------+-------------------------------------------
     0 | D:1      | theanonym the Mummy Warper began the quest for the Orb.
     0 | D:1      | Reached XP level 1. HP: 16/16 MP: 4/4
   350 | D:1      | Reached skill level 2 in Maces & Flails
   510 | D:2      | Reached XP level 2. HP: 16/22 MP: 5/5
   833 | D:2      | Reached XP level 3. HP: 28/28 MP: 7/7
  1267 | D:3      | HP: 12/28 [orc/+0 hand axe (5)]
  1270 | D:2      | HP: 5/28 [orc/+0 mace (5)]
  1279 | D:2      | HP: 2/28 [orc/+0 mace (3)]
  1946 | D:2      | HP: 8/28 [orc/+0 mace (8)]
  2758 | D:3      | HP: 12/28 [orc priest/divine providence (16)]
  2761 | D:3      | HP: 5/28 [orc/+0 flail (7)]
  3128 | D:3      | HP: 12/28 [orc priest/+0 mace (3)]
  3129 | D:3      | Reached skill level 3 in Maces & Flails
  3129 | D:3      | Reached XP level 4. HP: 15/34 MP: 8/8
  3322 | D:3      | Reached skill level 1 in Shields
  3988 | D:4      | HP: 12/34 [orc/+0 morningstar (7)]
  3989 | D:4      | HP: 3/34 [orc/+3 mace (6)]
  4003 | D:4      | Slain by an orc

Vanquished Creatures
  An orc priest (D:3)
  2 adders (D:2)
  A leopard gecko (D:4)
  7 orcs
  A giant cockroach (D:1)
  5 goblins
  3 hobgoblins (D:2)
  3 kobolds
  3 bats (D:2)
  2 frilled lizards
  2 rats (D:2)
30 creatures vanquished.

Table legend:
 A = Turns spent in this place as a percentage of turns spent in the entire game.
 B = Non-inter-level travel turns spent in this place as a percentage of non-inter-level travel turns spent in the entire game.
 C = Inter-level travel turns spent in this place as a percentage of turns spent in this place.
 D = Turns resting spent in this place as a percentage of non-inter-level travel turns spent in this place.
 E = Turns spent auto-exploring this place as a percentage of non-inter-level travel turns spent in this place.
 F = Non-inter-level travel turns spent in this place divided by the number of levels of this place that you've seen.
                   A       B       C       D       E      F
               +-------+-------+-------+-------+-------+----------------------
         Total | 100.0 | 100.0 |   7.5 |  31.4 |  58.2 | 925.2
       Dungeon | 100.0 | 100.0 |   7.5 |  31.4 |  58.2 | 925.2
               +-------+-------+-------+-------+-------+----------------------
